SNL (28 & UNDER)
SANTA FE DIABLOS @ GAINESVILLE GUIDOS
08/26/2024
 
TOP OF THE 1ST
Santa Fe Diablos batting - Pitching for Gainesville Guidos : RHP Ronald Adams
Pitching: RHP Ronald Adams
Batting: SHB George Adams 0-0: Ball
1-0: Foul Ball, location: 2F
1-1: Ball
2-1: Swinging Strike
2-2: Ball
3-2: Ground out 6-3 (Groundball, 6)
Batting: RHB Bill Finley 0-0: Ball
1-0: Ball
2-0: Ball
3-0: Called Strike
3-1: Called Strike
3-2: Foul Ball, location: 2F
3-2: Ground out 6-3 (Groundball, 6)
Batting: RHB Roberto Zamora 0-0: Fly out, F7 (Flyball, 78M)
Top of the 1st over - 0 run(s), 0 hit(s), 0 error(s), 0 left on base; Santa Fe 0 - Gainesville 0
BOTTOM OF THE 1ST
Gainesville Guidos batting - Pitching for Santa Fe Diablos : RHP Darryl Carter
Pitching: RHP Darryl Carter
Batting: RHB Mitch Thomas 0-0: Ground out 6-3 (Groundball, 6)
Batting: RHB Pedro Mata 0-0: Ball
1-0: SOLO HOME RUN (Flyball, 78XD), Distance : 386 ft
Batting: LHB Marcos Villarreal 0-0: Ball
1-0: Ball
2-0: Ball
3-0: Called Strike
3-1: Ground out U3 (Groundball, 3L)
Batting: LHB Mark Owens 0-0: Called Strike
0-1: Ground out 3-1 (Groundball, 34)
Bottom of the 1st over - 1 run(s), 1 hit(s), 0 error(s), 0 left on base; Santa Fe 0 - Gainesville 1
TOP OF THE 2ND
Santa Fe Diablos batting - Pitching for Gainesville Guidos : RHP Ronald Adams
Batting: SHB António Hernández 0-0: SINGLE (Flyball, 8LS)
Batting: RHB John Dinkins 0-0: Foul Ball, location: 2F
0-1: Ball
1-1: Ball
2-1: Swinging Strike
2-2: Grounds into double play, 4-6-3 (Groundball, 4)
Batting: LHB John Nicholson 0-0: Ball
1-0: Ground out 4-3 (Groundball, 4)
Top of the 2nd over - 0 run(s), 1 hit(s), 0 error(s), 0 left on base; Santa Fe 0 - Gainesville 1
BOTTOM OF THE 2ND
Gainesville Guidos batting - Pitching for Santa Fe Diablos : RHP Darryl Carter
Batting: RHB Kyle O'Day 0-0: Ball
1-0: Foul Ball, location: 2F
1-1: Ball
2-1: Ball
3-1: Base on Balls
Batting: RHB Iván Moreno 0-0: Called Strike
0-1: Ball
1-1: Fly out, F8 (Flyball, 8RM)
Batting: LHB Eddy Jefferson 0-0: Ball
1-0: Ball
2-0: Ground out 5-3 (Groundball, 15S)
Kyle O'Day to second
Batting: RHB Noriyori Ine 0-0: Ball
1-0: Foul Ball, location: 2F
1-1: Swinging Strike
1-2: 2-RUN HOME RUN (Flyball, 7D), Distance : 370 ft
Batting: RHB Ben Morton 0-0: Called Strike
0-1: DOUBLE (Line Drive, 7LD)
Pinch Runner at 2nd Ramón Durán:
Batting: RHB Mitch Thomas 0-0: Ball
1-0: Swinging Strike
1-1: Ball
2-1: Foul Ball, location: 2F
2-2: SINGLE (Groundball, 56)
Ramón Durán to third
Runner from 3rd tries for Home, SAFE, no throw or cutoff
Batting: RHB Pedro Mata 0-0: Ball
Mitch Thomas steals 2nd base
1-0: Ball
2-0: Foul Ball, location: 2F
2-1: Ball
3-1: Base on Balls
Batting: LHB Marcos Villarreal 0-0: Ball
1-0: Ball
2-0: Foul Ball, location: 2F
2-1: Ground out 5-3 (Groundball, 5S)
Bottom of the 2nd over - 3 run(s), 3 hit(s), 0 error(s), 2 left on base; Santa Fe 0 - Gainesville 4
TOP OF THE 3RD
Santa Fe Diablos batting - Pitching for Gainesville Guidos : RHP Ronald Adams
Now at C: Ramón Durán
Batting: RHB Ánibal Gonzáles 0-0: Called Strike
0-1: Ball
1-1: Swinging Strike
1-2: Strikes out looking
Batting: RHB Michael Anderson 0-0: SINGLE (Flyball, 89S)
Batting: LHB Víctor Carrillo 0-0: Ball
1-0: Fielders Choice at 2nd, 4-6 (Groundball, 34)
Batting: SHB George Adams 0-0: Ball
1-0: Ball
2-0: Ball
3-0: Called Strike
3-1: Foul Ball, location: 2F
3-2: Ground out 6-3 (Groundball, 6)
Top of the 3rd over - 0 run(s), 1 hit(s), 0 error(s), 1 left on base; Santa Fe 0 - Gainesville 4
BOTTOM OF THE 3RD
Gainesville Guidos batting - Pitching for Santa Fe Diablos : RHP Darryl Carter
Batting: LHB Mark Owens 0-0: Swinging Strike
0-1: SINGLE (Groundball, 4MD)
Batting: RHB Kyle O'Day 0-0: Fly out, F6 (Popup, 6M)
Batting: RHB Iván Moreno 0-0: Ball
1-0: Called Strike
1-1: Ball
2-1: Fly out, F9 (Flyball, 9M)
Batting: LHB Eddy Jefferson 0-0: Called Strike
0-1: Ball
1-1: Ball
2-1: Ball
3-1: Foul Ball, location: 2F
3-2: Strikes out looking
Bottom of the 3rd over - 0 run(s), 1 hit(s), 0 error(s), 1 left on base; Santa Fe 0 - Gainesville 4
TOP OF THE 4TH
Santa Fe Diablos batting - Pitching for Gainesville Guidos : RHP Ronald Adams
Batting: RHB Bill Finley 0-0: Ball
1-0: SINGLE (Groundball, 56)
Batting: RHB Roberto Zamora 0-0: Ball
1-0: Foul Ball, location: 2F
1-1: SINGLE (Flyball, 7LM)
Bill Finley to second
Batting: SHB António Hernández 0-0: Ball
1-0: Ground out U3 (Groundball, 3S)
Bill Finley to third
Roberto Zamora to second
Batting: RHB John Dinkins 0-0: Ball
Wild Pitch!
Bill Finley scores
Roberto Zamora to third
1-0: Ball
2-0: Fly out, F9 (Flyball, 9LD)
Runner from 3rd tags up, SCORES, no throw
Batting: LHB John Nicholson 0-0: Ground out 4-3 (Groundball, 34)
Top of the 4th over - 2 run(s), 2 hit(s), 0 error(s), 0 left on base; Santa Fe 2 - Gainesville 4
BOTTOM OF THE 4TH
Gainesville Guidos batting - Pitching for Santa Fe Diablos : LHP Columbo Briatori
Pitching: LHP Columbo Briatori
Batting: RHB Noriyori Ine 0-0: Ball
1-0: Called Strike
1-1: Called Strike
1-2: Foul Ball, location: 2F
1-2: Ball
2-2: Ball
3-2: Base on Balls
Batting: LHB Ramón Durán 0-0: Swinging Strike
0-1: Foul Ball, location: 2F
0-2: Ball
1-2: Ball
2-2: Ball
3-2: Strikes out swinging
Noriyori Ine is caught stealing 2nd base
Batter strikes out.
Batting: RHB Mitch Thomas 0-0: Ball
1-0: Called Strike
1-1: Ball
2-1: Called Strike
2-2: Strikes out swinging
Bottom of the 4th over - 0 run(s), 0 hit(s), 0 error(s), 0 left on base; Santa Fe 2 - Gainesville 4
TOP OF THE 5TH
Santa Fe Diablos batting - Pitching for Gainesville Guidos : RHP Ronald Adams
Batting: RHB Ánibal Gonzáles 0-0: Ball
1-0: Foul Ball, location: 2F
1-1: Ball
2-1: Ball
3-1: Called Strike
3-2: Strikes out looking
Batting: RHB Michael Anderson 0-0: Ball
1-0: Ball
2-0: Called Strike
2-1: Foul Ball, location: 2F
2-2: Ball
3-2: SINGLE (Groundball, 4MD)
Batting: LHB Víctor Carrillo 0-0: Foul Ball, location: 2F
0-1: Called Strike
0-2: Ball
1-2: Strikes out looking
Batting: SHB George Adams 0-0: Called Strike
0-1: Ball
1-1: Ball
2-1: Ball
3-1: Base on Balls
Michael Anderson to second
Batting: RHB Bill Finley 0-0: Foul Ball, location: 2F
0-1: Ball
1-1: Called Strike
1-2: Foul Ball, location: 2F
1-2: Strikes out swinging
Top of the 5th over - 0 run(s), 1 hit(s), 0 error(s), 2 left on base; Santa Fe 2 - Gainesville 4
BOTTOM OF THE 5TH
Gainesville Guidos batting - Pitching for Santa Fe Diablos : LHP Columbo Briatori
Batting: RHB Pedro Mata 0-0: Ball
1-0: Ball
2-0: Ball
3-0: Base on Balls
Batting: LHB Marcos Villarreal 0-0: Called Strike
0-1: Ball
1-1: Ball
2-1: Foul Ball, location: 2F
2-2: Foul Ball, location: 2F
2-2: Strikes out swinging
Batting: LHB Mark Owens 0-0: Ball
1-0: Ball
2-0: Ball
3-0: Base on Balls
Pedro Mata to second
Batting: RHB Kyle O'Day 0-0: Called Strike
0-1: Foul Ball, location: 2F
0-2: Strikes out swinging
Batting: RHB Iván Moreno 0-0: Ball
1-0: Called Strike
1-1: Fly out, F8 (Flyball, 8LS)
Bottom of the 5th over - 0 run(s), 0 hit(s), 0 error(s), 2 left on base; Santa Fe 2 - Gainesville 4
TOP OF THE 6TH
Santa Fe Diablos batting - Pitching for Gainesville Guidos : RHP Ronald Adams
Batting: RHB Roberto Zamora 0-0: Called Strike
0-1: Ball
1-1: Ball
2-1: Fly out, F8 (Flyball, 8LS)
Batting: SHB António Hernández 0-0: Ball
1-0: Ground out 4-3 (Groundball, 13)
Batting: RHB John Dinkins 0-0: Ground out 4-3 (Groundball, 4M)
Top of the 6th over - 0 run(s), 0 hit(s), 0 error(s), 0 left on base; Santa Fe 2 - Gainesville 4
BOTTOM OF THE 6TH
Gainesville Guidos batting - Pitching for Santa Fe Diablos : LHP Columbo Briatori
Batting: LHB Eddy Jefferson 0-0: SINGLE (Groundball, 3D)
Batting: RHB Noriyori Ine 0-0: Ball
1-0: Ball
2-0: Foul Ball, location: 2F
2-1: 2-RUN HOME RUN (Flyball, 78XD), Distance : 400 ft
Batting: LHB Ramón Durán 0-0: Ball
1-0: Ball
2-0: SINGLE (Line Drive, 34D)
Batting: RHB Mitch Thomas 0-0: Ball
1-0: SINGLE (Line Drive, 7LS)
Ramón Durán to second
Batting: RHB Pedro Mata 0-0: Ball
1-0: Fly out, F7 (Line Drive, 78S)
Pitching: RHP Bill Morris
Batting: LHB Marcos Villarreal 0-0: Foul Ball, location: 2F
0-1: Swinging Strike
0-2: Ball
1-2: Strikes out swinging
Batting: LHB Mark Owens 0-0: Swinging Strike
0-1: Called Strike
0-2: Ball
1-2: Ground out 1-3 (Groundball, 13)
Bottom of the 6th over - 2 run(s), 4 hit(s), 0 error(s), 2 left on base; Santa Fe 2 - Gainesville 6
TOP OF THE 7TH
Santa Fe Diablos batting - Pitching for Gainesville Guidos : RHP Ronald Adams
Batting: LHB John Nicholson 0-0: Called Strike
0-1: Ground out 5-3 (Groundball, 56S)
Batting: RHB Ánibal Gonzáles 0-0: Swinging Strike
0-1: Called Strike
0-2: Strikes out swinging
Batting: RHB Michael Anderson 0-0: Fly out, F7 (Flyball, 7M)
Top of the 7th over - 0 run(s), 0 hit(s), 0 error(s), 0 left on base; Santa Fe 2 - Gainesville 6
BOTTOM OF THE 7TH
Gainesville Guidos batting - Pitching for Santa Fe Diablos : RHP Bill Morris
Batting: RHB Kyle O'Day 0-0: Ball
1-0: Ball
2-0: Ball
3-0: Called Strike
3-1: Ground out 4-3 (Groundball, 4)
Batting: RHB Iván Moreno 0-0: Called Strike
0-1: Ball
1-1: Ball
2-1: Foul Ball, location: 2F
2-2: Ball
3-2: Fly out, F8 (Popup, 8LM)
Batting: LHB Eddy Jefferson 0-0: Ball
1-0: Called Strike
1-1: Ball
2-1: Ball
3-1: Called Strike
3-2: Strikes out looking
Bottom of the 7th over - 0 run(s), 0 hit(s), 0 error(s), 0 left on base; Santa Fe 2 - Gainesville 6
TOP OF THE 8TH
Santa Fe Diablos batting - Pitching for Gainesville Guidos : RHP Ronald Adams
Batting: LHB Víctor Carrillo 0-0: Ball
1-0: Ball
2-0: Ground out 4-3 (Groundball, 4)
Batting: SHB George Adams 0-0: Ball
1-0: Called Strike
1-1: Swinging Strike
1-2: Strikes out swinging
Batting: RHB Bill Finley 0-0: Fly out, F9 (Line Drive, 89M)
Top of the 8th over - 0 run(s), 0 hit(s), 0 error(s), 0 left on base; Santa Fe 2 - Gainesville 6
BOTTOM OF THE 8TH
Gainesville Guidos batting - Pitching for Santa Fe Diablos : RHP Bill Morris
Batting: RHB Noriyori Ine 0-0: Ball
1-0: Fly out, F8 (Flyball, 78D)
Pitching: LHP Albert Alonzo
Batting: LHB Ramón Durán 0-0: Swinging Strike
0-1: Ball
1-1: Called Strike
1-2: Strikes out swinging
Batting: RHB Mitch Thomas 0-0: Called Strike
0-1: Fly out, F3 (Popup, 3S)
Bottom of the 8th over - 0 run(s), 0 hit(s), 0 error(s), 0 left on base; Santa Fe 2 - Gainesville 6
TOP OF THE 9TH
Santa Fe Diablos batting - Pitching for Gainesville Guidos : RHP Ronald Adams
Batting: RHB Roberto Zamora 0-0: Ball
1-0: Foul Ball, location: 2F
1-1: Swinging Strike
1-2: Strikes out looking
Pitching: LHP Mike Scott
Batting: SHB António Hernández 0-0: SINGLE (Groundball, 4MD)
Batting: RHB John Dinkins 0-0: Ball
1-0: Foul Ball, location: 2F
1-1: Ball
2-1: Called Strike
2-2: Ball
3-2: Ground out 4-3 (Groundball, 4M)
António Hernández to second
Batting: LHB John Nicholson 0-0: Called Strike
0-1: Ball
1-1: Ball
2-1: Fly out, F8 (Line Drive, 8LM)
Top of the 9th over - 0 run(s), 1 hit(s), 0 error(s), 1 left on base; Santa Fe 2 - Gainesville 6
This league is powered by Out of the Park Baseball, the baseball management simulation game for PC, Mac and Linux
Saturday, April 9th, 2016 - OOTP Baseball 16.8 Build 38